 Dungeon Crawl Stone Soup version 0.29.1-15-g9cfb28693d (webtiles) character file.

Game seed: 1929061745514215737

994 StoopidFlanders the Ducker (level 8, -2/67 HPs)
             Began as a Gnoll Wanderer on Apr 12, 2023.
             Blown up by Pikel (3 damage)
             ... with a mindburst bolt
             ... on level 5 of the Dungeon.
             The game lasted 00:08:05 (4451 turns).

StoopidFlanders the Ducker (Gnoll Wanderer)         Turns: 4451, Time: 00:08:06

Health: -2/67      AC:  4    Str:  8    XL:     8   Next: 19%
Magic:  9/12       EV: 16    Int: 13    God:
Gold:   298        SH:  0    Dex: 16    Spells: 7/13 levels left

rFire   . . .      SeeInvis .   s - +1 quarterstaff (distort)
rCold   . . .      Faith    .   (shield currently unavailable)
rNeg    . . .      Spirit   .   e - +0 robe
rPois   .          Reflect  .   (no helmet)
rElec   .          Harm     .   r - +0 cloak
rCorr   .          Rampage  .   (no gloves)
Will    .....                   c - +0 pair of boots
Stlth   ++........              (no amulet)
HPRegen 0.21/turn               n - ring of flight
MPRegen 0.13/turn               (no ring)

@: flying
A: fangs 1, strong nose, distributed training
a: no special abilities


You were on level 5 of the Dungeon.
You visited 1 branch of the dungeon, and saw 5 of its levels.
You also visited: Sewer and Ossuary.

You collected 298 gold pieces.

Inventory:

Hand Weapons
 s - a +1 quarterstaff of distortion (weapon)
Armour
 c - a +0 pair of boots (worn)
 e - a +0 robe (worn)
 r - a +0 cloak (worn)
Jewellery
 n - a ring of flight (left hand)
Wands
 b - a wand of flame (15)
 p - a wand of mindburst (12)
 z - a wand of paralysis (2)
Scrolls
 d - 2 scrolls of fear
 f - 5 scrolls of summoning
 i - 2 scrolls of blinking
 m - a scroll of amnesia
 o - 3 scrolls of fog
 q - a scroll of immolation {unknown}
 u - 4 scrolls of teleportation
 y - a scroll of enchant weapon {unknown}
 B - a scroll of identify
Potions
 a - a potion of invisibility {unknown}
 g - 2 potions of attraction
 h - 3 potions of brilliance {unknown}
 j - 3 potions of heal wounds {unknown}
 k - 2 potions of mutation {unknown}
 l - 6 potions of curing
 t - 3 potions of degeneration {unknown}
 v - a potion of berserk rage {unknown}
 w - 2 potions of magic {unknown}
 x - 2 potions of might {unknown}
 A - a potion of resistance {unknown}


   Skills:
 + Level 7.3 Fighting
 + Level 5.6 Short Blades
 + Level 3.1 Long Blades
 + Level 3.1 Axes
 + Level 3.1 Maces & Flails
 + Level 3.1 Polearms
 + Level 3.1 Staves
 + Level 5.6 Ranged Weapons
 + Level 3.1 Throwing
 + Level 3.1 Armour
 + Level 7.3 Dodging
 + Level 3.1 Stealth
 + Level 3.1 Shields
 + Level 3.1 Unarmed Combat
 + Level 3.1 Spellcasting
 + Level 2.5 Conjurations
 + Level 2.5 Hexes
 + Level 2.5 Summonings
 + Level 2.5 Necromancy
 + Level 2.5 Translocations
 + Level 2.5 Transmutations
 + Level 2.5 Fire Magic
 + Level 2.5 Ice Magic
 + Level 2.5 Air Magic
 + Level 2.5 Earth Magic
 + Level 2.5 Poison Magic
 + Level 3.5 Invocations
 + Level 3.1 Evocations


You had 7 spell levels left.
You knew the following spells:

 Your Spells              Type           Power      Damage    Failure   Level
a - Lesser Beckoning      Tloc           8%         N/A       24%         3
b - Teleport Other        Tloc           8%         N/A       24%         3

Your spell library contained the following spells:

 Spells                   Type           Power      Damage    Failure   Level
 Gell's Gravitas          Tloc           8%         N/A       24%         3
 Ozocubu's Armour         Ice            8%         N/A       24%         3
 Anguish                  Hex/Necr       4%         N/A       61%         4
 Enfeeble                 Hex            4%         N/A       100%        7
 Ozocubu's Refrigeration  Ice            4%         4d8       100%        7


Dungeon Overview and Level Annotations

Branches:
Dungeon (5/15)              Sewer (visited)         Ossuary (visited)
 Temple: D:4-7

Altars:
Fedhas
Qazlal
Uskayaw

Shops:
D:2 =

Annotations:
D:5 Pikel


Innate Abilities, Weirdness & Mutations

You have very sharp teeth.
Your uncanny sense of smell can sniff out nearby items.
Your experience applies equally to all skills.


Message History

Pikel is moderately wounded.
You hit Pikel but do no damage.
Pikel is moderately wounded.
Pikel blinks!
The lemure attacks as you move away! The lemure hits you.
The lemure attacks as you move away! The lemure misses you.
Pikel closely misses you.
You barely miss Pikel. You bite Pikel, but do no damage.
Pikel is moderately wounded.
Pikel misses you.
Pikel zaps a wand.
Your mind is blasted!
The lemure attacks as you move away! The lemure closely misses you.
Pikel attacks as you move away!
Pikel hits you with a +1 whip of electrocution.
The lemure attacks as you move away! The lemure completely misses you.
Pikel attacks as you move away! Pikel completely misses you.
The lemure attacks as you move away! The lemure misses you.
Pikel attacks as you move away!
Pikel hits you with a +1 whip of electrocution.
You are electrocuted!
The lemure attacks as you move away! The lemure hits you. x2
The lemure attacks as you move away! The lemure barely misses you.
Okay, then.
Cast which spell? (? or * to list)
You don't know that spell.
Cast which spell? (? or * to list)
Okay, then.
Cast which spell? (? or * to list)
Aiming: Teleport Other (dangerous; 24% risk of failure)
Press: ? - help, Shift-Dir - straight line, f - Pikel
Aim: Pikel, wielding a +1 whip of electrocution, wearing a +0 robe and carrying a wand of mindburst (13) (moderately wounded, chance to affect: 46%) Pikel looks slightly unstable.
Pikel hits you with a +1 whip of electrocution.
You are electrocuted!!
* * * LOW HITPOINT WARNING * * *
Blink to where?
Press: ? - help, Dir - move target, p - Pikel
As you read the scroll of blinking, it crumbles to dust.
Pikel zaps a wand.
Your mind is blasted!
You die...

.....# #.......#
#...# #....5..#
##+# #...555.# #.#
#####K### #.# #ยง#
###.####### #.#
###.........# #.#
......###.#.#####.#
###...# #.......@.#
#.#.###.#.#######
#.#.....#.#
#.#.#####.# #.#.#
#.#
##.#.#####.######
#...............#
#.##.#.########..#
#. #.#.####


You could see Pikel (teleporting) and 3 lemures.

Vanquished Creatures
  A wraith (Ossuary)
  An ice beast (D:3)
  Pargi (Sewer)
  A necrophage (D:2)
  2 wights (Ossuary)
  A hound (D:3)
  A jelly (D:4)
  An orc priest (D:4)
  An iguana (D:4)
  2 orc wizards (D:4)
  6 adders
  A white imp (D:5)
  An ufetubus (D:5)
  2 adder zombies (Ossuary)
  2 worms (D:2)
  A dart slug (D:2)
  8 orcs
  8 endoplasms
  12 giant cockroaches
  12 goblins
  5 hobgoblins
  4 quokkas
  5 ball pythons
  A ball python skeleton (Ossuary)
  5 bats
  6 frilled lizards
  2 kobolds
  3 kobold zombies (Ossuary)
  2 orc skeletons (Ossuary)
  6 rats
104 creatures vanquished.

Vanquished Creatures (others)
  An orc (D:4)
1 creature vanquished.

Grand Total: 105 creatures vanquished

Notes
Turn   | Place    | Note
-------+----------+-------------------------------------------
     0 | D:1      | StoopidFlanders the Gnoll Wanderer began the quest for the
                  | Orb.
     0 | D:1      | StoopidFlanders set off with the following items: a +2
                  | sling, a +0 short sword, a +0 pair of boots, a scroll of
                  | fear, a +0 robe.
     0 | D:1      | Reached XP level 1. HP: 23/23 MP: 1/1
   225 | D:1      | Reached XP level 2. HP: 29/29 MP: 2/2
   361 | D:1      | Found a faded altar of an unknown god.
   798 | D:2      | Reached XP level 3. HP: 30/35 MP: 2/4
   926 | D:2      | Reached skill level 1 in Invocations
   953 | D:2      | Reached skill level 1 in Long Blades
   953 | D:2      | Reached skill level 1 in Axes
   953 | D:2      | Reached skill level 1 in Maces & Flails
   953 | D:2      | Reached skill level 1 in Polearms
   953 | D:2      | Reached skill level 1 in Staves
   953 | D:2      | Reached skill level 1 in Throwing
   953 | D:2      | Reached skill level 1 in Armour
   953 | D:2      | Reached skill level 1 in Stealth
   953 | D:2      | Reached skill level 1 in Shields
   953 | D:2      | Reached skill level 1 in Unarmed Combat
   953 | D:2      | Reached skill level 1 in Spellcasting
   953 | D:2      | Reached skill level 1 in Evocations
  1032 | D:2      | Reached XP level 4. HP: 41/41 MP: 5/5
  1139 | D:2      | Found Xieninnysoi's Jewellery Shop.
  1320 | D:2      | Noticed a necrophage
  1327 | D:2      | Killed a necrophage
  1328 | D:2      | Reached skill level 1 in Conjurations
  1328 | D:2      | Reached skill level 1 in Hexes
  1328 | D:2      | Reached skill level 1 in Summonings
  1328 | D:2      | Reached skill level 1 in Necromancy
  1328 | D:2      | Reached skill level 1 in Translocations
  1328 | D:2      | Reached skill level 1 in Transmutations
  1328 | D:2      | Reached skill level 1 in Fire Magic
  1328 | D:2      | Reached skill level 1 in Ice Magic
  1328 | D:2      | Reached skill level 1 in Air Magic
  1328 | D:2      | Reached skill level 1 in Earth Magic
  1328 | D:2      | Reached skill level 1 in Poison Magic
  1328 | D:2      | Reached XP level 5. HP: 43/47 MP: 5/7
  1591 | D:2      | Learned a level 3 spell: Lesser Beckoning
  1595 | D:2      | Learned a level 3 spell: Teleport Other
  1697 | D:3      | Noticed a +0 dagger
  1698 | D:3      | Noticed a +0 spear
  1700 | D:3      | Noticed a +0 falchion
  1700 | D:3      | Noticed a +0 short sword
  1701 | D:3      | Noticed a +0 short sword
  1701 | D:3      | Noticed a +0 spear
  1701 | D:3      | Noticed a +0 dagger
  1702 | D:3      | Noticed a +0 falchion
  1707 | D:3      | Found a hide-covered altar of Uskayaw.
  1718 | D:3      | Noticed an ice beast
  1725 | D:3      | Killed an ice beast
  1726 | D:3      | Reached XP level 6. HP: 53/53 MP: 8/8
  1812 | D:3      | Found a glowing drain.
  1816 | D:3      | Found a blossoming altar of Fedhas.
  1835 | D:3      | Reached skill level 5 in Short Blades
  1835 | D:3      | Reached skill level 5 in Ranged Weapons
  1849 | Sewer    | Entered a sewer
  1923 | Sewer    | Noticed Pargi
  1939 | Sewer    | Killed Pargi
  2336 | D:3      | Found a stormy altar of Qazlal.
  2623 | D:4      | Reached XP level 7. HP: 53/60 MP: 10/10
  3518 | D:5      | Entered Level 5 of the Dungeon
  3540 | D:5      | Found a sand-covered staircase.
  3582 | Ossuary  | Entered an ossuary
  3683 | Ossuary  | Noticed a flying skull
  3683 | Ossuary  | Noticed a wraith
  3696 | Ossuary  | Noticed a flying skull
  3716 | Ossuary  | Noticed a flying skull
  3717 | Ossuary  | Noticed a flying skull
  3744 | Ossuary  | Noticed a wraith
  3752 | Ossuary  | Killed a wraith
  3913 | Ossuary  | Noticed a wraith
  3917 | Ossuary  | Banished a wraith
  3918 | Ossuary  | Reached XP level 8. HP: 67/67 MP: 12/12
  4428 | D:5      | Noticed Pikel
  4450 | D:5      | HP: 1/67 [Pikel/+1 whip of electrocution (20)]
  4451 | D:5      | Blown up by Pikel

Illustrated notes

Levels and vault maps discovered:
D:1:      dreamdust_arrival_sigmund_warning, layout_basic,
          shapermc_ecumenical_altar_starsandcircs
D:2:      layout_basic, serial_shops, shop, minmay_tetromino_s2
D:3:      layout_basic, nicolae_uskayaw_en_pointe,
          mainiacjoe_overflow_tiny_flanked, mainiacjoe_overflow_surrounded_room,
          gup_sewer_entry_glass
D:4:      layout_rooms
D:5:      layout_loops_corners, minmay_temple_entry_slanted,
          nicolae_ossuary_entry_false_entrances, serial_demonic,
          serial_demonic_b, serial_demonic_a, serial_demonic_d,
          serial_demonic_a, columned_hall_lemuel, uniq_pikel

Skill      XL: |  1  2  3  4  5  6  7 |
---------------+----------------------+-----
Invocations    | 1 2 3 |  3.5
Long Blades    | 1 2 3 |  3.1
Axes           | 1 2 3 |  3.1
Maces & Flails | 1 2 3 |  3.1
Polearms       | 1 2 3 |  3.1
Staves         | 1 2 3 |  3.1
Throwing       | 1 2 3 |  3.1
Armour         | 1 2 3 |  3.1
Stealth        | 1 2 3 |  3.1
Shields        | 1 2 3 |  3.1
Unarmed Combat | 1 2 3 |  3.1
Spellcasting   | 1 2 3 |  3.1
Evocations     | 1 2 3 |  3.1
Conjurations   | 1 2 |  2.5
Hexes          | 1 2 |  2.5
Summonings     | 1 2 |  2.5
Necromancy     | 1 2 |  2.5
Translocations | 1 2 |  2.5
Transmutations | 1 2 |  2.5
Fire Magic     | 1 2 |  2.5
Ice Magic      | 1 2 |  2.5
Air Magic      | 1 2 |  2.5
Earth Magic    | 1 2 |  2.5
Poison Magic   | 1 2 |  2.5
Short Blades   | 5 |  5.6
Ranged Weapons | 5 |  5.6
Fighting       | 7 |  7.3
Dodging        | 7 |  7.3

Action                   |  1- 3 |  4- 6 |  7- 9 || total
-------------------------+-------+-------+-------++-------
Melee: Quarterstaff      |       |    79 |   114 ||   193
       Bite              |       |     8 |    16 ||    24
 Fire: Sling             |    74 |     5 |       ||    79
 Cast: Teleport Other    |       |       |     1 ||     1
  Use: Scroll            |     1 |       |     8 ||     9
 Stab: Sleeping          |       |     9 |    10 ||    19
Armor: Robe              |     6 |     7 |    20 ||    33
Dodge: Dodged            |    19 |    54 |    95 ||   168
